AoeStats
← HarryJGraham

Glade

510392518Analyzed
1v1 RM · 21h ago on Sep 30, 2026· 45m 59s· 2 players
Game mode
Random Map
Map size
Tiny (2 player)
Population
200
Speed
Normal
Resources
Standard
Victory
Conquest
Starting age
Dark Age
Ending age
Imperial Age
RankedLock teamsTeams togetherTeam positionsShared explorationLock speedFull tech treeHidden civsTurbo modeCheats
Victory
Defeat
🇲🇽 Portuguese · Mexico
631
+17
🇬🇧 Portuguese · United Kingdom
660
-17
educornejo07
7:20 Loom
10:15 Feudal Age
10:53 Double-Bit Axe
10:55 Horse Collar
19:21 Castle Age
19:17 Fletching
19:58 Padded Archer Armor
22:15 Husbandry
24:47 Ballistics
28:24 Wheelbarrow
32:22 Imperial Age
31:13 Bodkin Arrow
31:33 Leather Archer Armor
33:26 Conscription
34:20 Chemistry
33:08 Capped Ram
39:02 Bracer
39:09 Scale Barding Armor
39:28 Light Cavalry
42:45 Chain Barding Armor
43:35 Hand Cart
43:29 Siege Engineers
HarryJGraham
10:46 Loom
13:52 Feudal Age
15:39 Gold Mining
15:37 Double-Bit Axe
15:38 Horse Collar
19:53 Castle Age
18:37 Stone Mining
19:35 Fletching
24:17 Stone Shaft Mining
30:53 Murder Holes
33:05 Wheelbarrow
37:56 Imperial Age
39:47 Chemistry
40:42 Bow Saw
Connection lost

Rejoining the realm…

Still unreachable

The connection could not be restored.

Session expired

The server has moved on; the page needs a fresh start.